 Dungeon Crawl Stone Soup version 0.19-a0-82-gd3566c2 (webtiles) character file.

450 wvc the Poker (level 6, -5/47 HPs)
             Began as a Mummy Wanderer on May 14, 2016.
             Was an Initiate of Makhleb.
             Slain by a gnoll
             ... wielding a +0 club
              (6 damage)
             ... on level 4 of the Dungeon.
             The game lasted 00:05:18 (3148 turns).

wvc the Poker (Mummy Wanderer)                      Turns: 3148, Time: 00:05:19

Health: -5/47      AC:  8    Str: 17    XL:     6   Next: 74%
Magic:  7/7        EV: 11    Int: 11    God:    Makhleb [......]
Gold:   248        SH:  0    Dex: 12    Spells: 0 memorised, 7 levels left

rFire  x . .     SeeInvis .     g - +0 spear
rCold  + . .     Gourm    .     c - +0 ring mail
rNeg   + + +     Faith    .     (no shield)
rPois  ∞         Spirit   .     (no helmet)
rElec  .         Dismiss  .     (no cloak)
rCorr  .         Reflect  .     k - +1 pair of gloves
SustAt .         Harm     .     i - +0 pair of boots
MR     .....                    (no amulet)
Stlth  +.........               (no ring)
                                q - ring of flight

@: not resistant to hostile enchantments, very unstealthy
A: no food or potions, fire vulnerability, cold resistance 1, negative energy
resistance 3, torment resistance, unbreathing
a: Renounce Religion, Evoke Flight


You were on level 4 of the Dungeon.
You worshipped Makhleb.
Makhleb was noncommittal.
You were not hungry.

You visited 1 branch of the dungeon, and saw 4 of its levels.

You collected 248 gold pieces.

Inventory:

Hand Weapons
 a - a +3 hand crossbow
 g - a +0 spear (weapon)
 o - a +0 blowgun
Missiles
 b - 14 bolts
 m - 2 javelins (quivered)
Armour
 c - a +0 ring mail (worn)
 i - a +0 pair of boots (worn)
 k - a +1 pair of gloves (worn)
Jewellery
 q - a ring of flight (left hand)
Scrolls
 h - 4 scrolls of identify {unknown}
 j - 2 scrolls of remove curse {unknown}
 l - 2 scrolls of magic mapping
 n - a scroll of noise {unknown}
 p - a scroll of blinking {unknown}
 r - a scroll of amnesia {unknown}


   Skills:
 + Level 3.1 Fighting
   Level 0.2 Maces & Flails
 * Level 3.6 Polearms
 - Level 1.5 Crossbows
 - Level 2.0 Armour
 - Level 2.3 Dodging
   Level 1.0 Shields
 - Level 1.0 Spellcasting
   Level 1.7 Hexes
   Level 1.5 Air Magic
 + Level 1.0 Evocations


You had 7 spell levels left.
You didn't know any spells.

Dungeon Overview and Level Annotations

Branches:
Dungeon (4/15)
 Temple: D:4-7

Altars:
Makhleb
Zin


Innate Abilities, Weirdness & Mutations

You do not eat or drink.
Your flesh is vulnerable to fire.
You are immune to poison.
Your flesh is cold resistant.
You are immune to negative energy.
You are immune to unholy pain and torment.
You can survive without breathing.


Message History

Enchant which weapon? (? for menu, Esc to quit)
Your +2 hand crossbow glows red for a moment.
The orc priest invokes the aid of Beogh against you.
Beogh smites you!
* * * LOW HITPOINT WARNING * * *
The gnoll hits you but does no damage.
The orc hits you from afar with a trident.
* * * LOW HITPOINT WARNING * * *
Read which item? (? for menu, Esc to quit)
As you read the scroll labeled TIUXUM KOANNICO, it crumbles to dust.
It is a scroll of recharging.
You aren't carrying any rechargeable items.
The orc priest hits you but does no damage.
The gnoll barely misses you. The orc hits you but does no damage.
Read which item? (? for menu, Esc to quit)
As you read the scroll labeled CUWKILETHRE, it crumbles to dust.
You feel aware of your surroundings.
It was a scroll of magic mapping.
The orc priest hits you but does no damage.
The gnoll hits you with a club.
You die...

#..........# #(# ##.# ##....
#...####...# #.# #.#####.....
#...# #..†####.# #..(........
#...# #......#.## #..###......
*#...# #.........#####.####.....
,....# #.........##......###....
#....# #####.....##..)...[###...
#.###* #.....##............. *,*
******#...@.##.......#..... *,*
*,,,,,#...go##.......#!#.## *,*
*,,,,,#...o.##.......#.#.#. *,*
*,,,,,#...[.##.......#.#.#. *,*
*,,,,,#.....######...#.....
*,*****,,,,,####(##,,,,##..###.##
,,,,,,,,,,,,* #.#*,,,,#.........
****,,,,***** #(#*,,,,#...###.##
*,,,,*******#(#*,...###.###.##


You could see an orc priest, a gnoll and an orc.

Vanquished Creatures
  A centaur (D:4)
  A howler monkey (D:4)
  A jelly (D:4)
  A hound (D:4)
  Terence (D:3)
  3 worker ants (D:4)
  3 gnolls (D:4)
  7 adders
  2 oozes
  2 worms
  3 dart slugs
  3 giant geckos
  5 orcs
  7 bats
  4 giant cockroaches
  3 goblins
  6 hobgoblins
  A quokka (D:2)
  3 giant newts
  4 kobolds
  A quokka skeleton (D:4)
  8 rats
70 creatures vanquished.

Notes
Turn   | Place    | Note
--------------------------------------------------------------
     0 | D:1      | wvc the Mummy Wanderer began the quest for the Orb.
     0 | D:1      | wvc set off with: a +2 hand crossbow, 20 bolts, a +0 ring mail, a scroll of teleportation
     0 | D:1      | Reached XP level 1. HP: 15/15 MP: 2/2
   231 | D:1      | Reached XP level 2. HP: 21/21 MP: 3/3
   741 | D:2      | Reached skill level 1 in Armour
   746 | D:2      | Reached skill level 1 in Polearms
   746 | D:2      | Reached XP level 3. HP: 26/26 MP: 4/4
  1352 | D:3      | Reached XP level 4. HP: 32/32 MP: 5/5
  1371 | D:3      | Noticed Terence
  1378 | D:3      | Killed Terence
  1742 | D:3      | Reached skill level 1 in Dodging
  1992 | D:4      | Reached XP level 5. HP: 19/38 MP: 6/6
  2435 | D:4      | Found a burning altar of Makhleb.
  2450 | D:4      | Found a glowing silver altar of Zin.
  2450 | D:4      | Noticed an angel
  2451 | D:4      | Noticed a cacodemon
  2509 | D:4      | Became a worshipper of Makhleb the Destroyer
  2572 | D:4      | Reached XP level 6. HP: 39/44 MP: 7/7
  3146 | D:4      | HP: 1/47 [orc/trident (4)]
  3148 | D:4      | Slain by a gnoll

Vault maps used:
D:1:      matt_arrival_los_fun
D:3:      uniq_terence
D:4:      grunt_temple_overflow_order_and_chaos_2, st_stairs_8

Skill      XL: |  1  2  3  4  5  6 |
---------------+-------------------+-----
Armour         | 1 2 |  2.0
Polearms       | 1 2 3 |  3.6
Dodging        | 1 2 |  2.3
Fighting       | 2 3 |  3.1
Maces & Flails | |  0.2
Crossbows      | |  1.5
Shields        | |  1.0
Spellcasting   | |  1.0
Hexes          | |  1.7
Air Magic      | |  1.5
Evocations     | |  1.0

Action                   |  1- 3 |  4- 6 || total
-------------------------+-------+-------++-------
Melee: Spear             |       |    64 ||    64
 Fire: Hand crossbow     |    84 |    78 ||   162
Throw: Javelin           |       |    17 ||    17
  Use: Scroll            |       |     5 ||     5
Armor: Ring mail         |     8 |    50 ||    58
Dodge: Dodged            |    12 |    72 ||    84
